 Dungeon Sprint DCSS version 0.21.1-1-g345015f (webtiles) character file.

11008 Fang the Severer (level 11, -3/117 HPs)
             Began as a Minotaur Berserker on June 8, 2018.
             Was the Champion of Trog.
             Slain by a lich (11 damage)
             ... in the Dungeon (Sprint VII: "The Pits").
             The game lasted 00:05:34 (1690 turns).

Fang the Severer (Minotaur Berserker)               Turns: 1690, Time: 00:05:34

Health: -3/117     AC: 14    Str: 25    XL:     11   Next: 43%
Magic:  10/10      EV: 17    Int: 13    God:    Trog [******]
Gold:   0          SH:  0    Dex: 13    Spells: 10/10 levels left

rFire    + . .     SeeInvis .   u - +1 broad axe of the Tent {flame, -Tele rPois rC+ Int+9}
rCold    + . .     Gourm    .   (no shield)
rNeg     . . .     Faith    .   n - +2 scale mail {rF+}
rPois    +         Spirit   .   (helmet restricted)
rElec    .         Reflect  .   (no cloak)
rCorr    .         Harm     .   (no gloves)
MR       .....     NoTele   +   (no boots)
Stlth    +.........             (no amulet)
HPRegen  0.29/turn              b - +3 ring of dexterity
MPRegen  0.12/turn              r - +3 ring of protection

@: berserk cooldown, slowed, very slow
A: retaliatory headbutt, horns 2
a: Berserk, Trog's Hand, Brothers in Arms, Burn Spellbooks, Renounce Religion


You were in the Dungeon.
You worshipped Trog.
Trog was exalted by your worship.
You were very hungry.

You visited 1 branch

Inventory:

Hand Weapons
 o - a +1 hand axe of freezing
 t - a +2 war axe of chopping
 u - the +1 broad axe of the Tent (weapon) {flame, -Tele rPois rC+ Int+9}
   (Trog gifted it to you in the Dungeon)

   It has been specially enchanted to burn those struck by it, causing extra
   injury to most foes and up to half again as much damage against particularly
   susceptible opponents.
   Big, fiery blades are also staple armaments of hydra-hunters.
   It affects your intelligence (+9).
   It protects you from cold.
   It protects you from poison.
   It prevents most forms of teleportation.
 v - a +5 battleaxe of electrocution
Missiles
 p - 8 steel javelins (quivered)
Armour
 a - a +3 scale mail
 n - a +2 scale mail of fire resistance (worn)
Jewellery
 b - a +3 ring of dexterity (left hand)
 r - a +3 ring of protection (right hand)
Scrolls
 i - a scroll of blinking
 l - 3 scrolls of remove curse
 m - a scroll of summoning
Potions
 d - 9 potions of curing
 e - 10 potions of heal wounds
 f - 3 potions of haste
 g - 4 potions of magic
 h - 4 potions of berserk rage
 k - 2 potions of invisibility
 q - a potion of brilliance
 s - 2 potions of resistance
Comestibles
 c - 9 rations


   Skills:
 + Level 17.1 Fighting
 + Level 19.2 Axes
 + Level 14.6 Armour
 + Level 12.5 Dodging
 + Level 4.2 Stealth


You had 10 spell levels left.
You didn't know any spells.

Dungeon Overview and Level Annotations

Branches:
Dungeon (1/1)

Altars:
Ashenzari
Cheibriados
Dithmenos
Elyvilon
Fedhas
Gozag
Hepliaklqana
Kikubaaqudgha
Makhleb
Nemelex Xobeh
Okawaru
Qazlal
Ru
Sif Muna
Trog
Uskayaw
Vehumet
Wu Jian
Xom
Yredelemnul
Zin
The Shining One
Beogh
Jiyva
Lugonu


Innate Abilities, Weirdness & Mutations

You reflexively headbutt those who attack you in melee.
You have a pair of horns on your head.


Message History

The lich misses you. You furiously retaliate!
You headbutt the lich!
You are no longer berserk.
You are exhausted.
You feel yourself slow down. The green draconian monk hits you.
* * * LOW HITPOINT WARNING * * *
The green draconian monk kicks you!
* * * LOW HITPOINT WARNING * * *
The green draconian monk completely misses you.
The green draconian monk closely misses you.
Things that are here:
a dagger; a scale mail You slice the green draconian monk!!
You burn the green draconian monk.
Your headbutt misses the green draconian monk.
The green draconian monk is severely wounded.
You hit the lich but do no damage. The green draconian monk misses you. x2
The green draconian monk tail-slaps you.
* * * LOW HITPOINT WARNING * * *
The green draconian monk closely misses you.
The lich touches you!
You die...

#..# #..#
#..# #..#
#..# #))#
####))#
#N.pq.#
E...N.#L@##
...p. ##.:#
.... ..##
.Y# ##.: .
..:# ..:#
..:# ##@:#


You could see Frances (wandering), a green draconian monk, a nagaraja, a lich
and a wizard.

Vanquished Creatures
  A deep elf sorcerer (D)
  A green draconian (D)
  A deep elf demonologist (D)
  A deep elf annihilator (D)
  An eidolon (D)
  A merfolk aquamancer (D)
  A vampire mage (D)
  2 deep trolls (D)
  2 wizards (D)
  An eye of devastation (D)
  An orange demon (D)
  An efreet (D)
  A red devil (D)
  A jumping spider (D)
  A merfolk (D)
  A redback (D)
  A fire elemental (D)
  A wyvern (D)
  2 water elementals (D)
  A fire bat (D)
  A hungry ghost (D)
  A basilisk (D)
  A porcupine (D)
  A black bear (D)
  A quasit (D)
  A gnoll shaman (D)
  A hound (D)
  Terence (D)
  An orc wizard (D)
  A worker ant (D)
  A mummy (D)
  4 gnolls (D)
  An ufetubus (D)
  3 oozes (D)
  A leopard gecko (D)
  2 orcs (D)
  A hobgoblin (D)
  3 jackals (D)
  A quokka (D)
  A frilled lizard (D)
  2 goblins (D)
53 creatures vanquished.

Notes
Turn   | Place    | Note
-------+----------+-------------------------------------------
     0 | D        | Fang the Minotaur Berserker began the quest for the Orb.
     0 | D        | Reached XP level 1. HP: 19/19 MP: 0/0
    17 | D        | Reached skill level 4 in Axes
    17 | D        | Reached XP level 2. HP: 28/28 MP: 1/1
    22 | D        | Found a bloodstained altar of Trog.
    22 | D        | Found a deep blue altar of Sif Muna.
    22 | D        | Found a viscous altar of Jiyva.
    22 | D        | Found a hazy altar of Hepliaklqana.
    22 | D        | Found an opulent altar of Gozag.
    23 | D        | Found a glowing golden altar of the Shining One.
    23 | D        | Found a glowing silver altar of Zin.
    23 | D        | Found a basalt altar of Yredelemnul.
    23 | D        | Found a shimmering altar of Xom.
    23 | D        | Found an ornate altar of the Wu Jian Council.
    23 | D        | Found a sacrificial altar of Ru.
    23 | D        | Found a stormy altar of Qazlal.
    23 | D        | Found an iron altar of Okawaru.
    23 | D        | Found a sparkling altar of Nemelex Xobeh.
    23 | D        | Found a burning altar of Makhleb.
    23 | D        | Found a blossoming altar of Fedhas.
    23 | D        | Found a white marble altar of Elyvilon.
    23 | D        | Found a shadowy altar of Dithmenos.
    23 | D        | Found a snail-covered altar of Cheibriados.
    25 | D        | Found a radiant altar of Vehumet.
    25 | D        | Found a corrupted altar of Lugonu.
    25 | D        | Found a roughly hewn altar of Beogh.
    68 | D        | Reached skill level 5 in Axes
    69 | D        | Reached ** piety under Trog
    69 | D        | Reached skill level 5 in Fighting
   262 | D        | Reached *** piety under Trog
   336 | D        | Reached skill level 6 in Axes
   336 | D        | Reached XP level 3. HP: 37/37 MP: 2/2
   341 | D        | Reached **** piety under Trog
   341 | D        | Reached skill level 7 in Axes
   341 | D        | Reached XP level 4. HP: 45/45 MP: 3/3
   481 | D        | Noticed a fire bat
   482 | D        | Noticed a hungry ghost
   489 | D        | Killed a fire bat
   489 | D        | Reached ***** piety under Trog
   489 | D        | Reached skill level 9 in Axes
   489 | D        | Reached skill level 5 in Armour
   489 | D        | Reached skill level 5 in Dodging
   489 | D        | Reached XP level 5. HP: 57/57 MP: 4/4
   491 | D        | Reached XP level 6. HP: 64/64 MP: 5/5
   498 | D        | Killed a hungry ghost
   498 | D        | Reached skill level 10 in Fighting
   498 | D        | Reached skill level 11 in Axes
   596 | D        | Reached skill level 1 in Stealth
   596 | D        | Reached XP level 7. HP: 72/74 MP: 6/6
   609 | D        | Noticed Terence
   615 | D        | Received a gift from Trog
   615 | D        | Reached skill level 12 in Axes
   620 | D        | Killed Terence
   620 | D        | Reached ****** piety under Trog
   716 | D        | Noticed a jumping spider
   716 | D        | Noticed an orange demon
   721 | D        | Killed a jumping spider
   729 | D        | Killed an orange demon
   729 | D        | Received a gift from Trog
   729 | D        | Reached skill level 13 in Axes
   729 | D        | Reached XP level 8. HP: 68/84 MP: 7/7
  1065 | D        | Found a hide-covered altar of Uskayaw.
  1065 | D        | Found an ancient bone altar of Kikubaaqudgha.
  1065 | D        | Found a shattered altar of Ashenzari.
  1093 | D        | Noticed an eidolon
  1103 | D        | Killed an eidolon
  1103 | D        | Reached skill level 14 in Axes
  1103 | D        | Reached XP level 9. HP: 93/93 MP: 8/8
  1180 | D        | Noticed a red devil
  1180 | D        | Noticed an efreet
  1186 | D        | Killed an efreet
  1186 | D        | Reached skill level 10 in Armour
  1186 | D        | Reached skill level 10 in Dodging
  1188 | D        | Killed a red devil
  1188 | D        | Reached skill level 15 in Axes
  1241 | D        | Noticed a deep troll
  1241 | D        | Noticed a merfolk
  1242 | D        | Noticed a merfolk aquamancer
  1249 | D        | Received a gift from Trog
  1253 | D        | Killed a merfolk
  1255 | D        | Killed a deep troll
  1260 | D        | Reached skill level 16 in Axes
  1261 | D        | Killed a merfolk aquamancer
  1261 | D        | Reached XP level 10. HP: 29/104 MP: 9/9
  1589 | D        | Noticed an eye of devastation
  1592 | D        | Received a gift from Trog
  1593 | D        | Noticed a deep troll
  1595 | D        | Killed an eye of devastation
  1595 | D        | Reached skill level 15 in Fighting
  1600 | D        | Killed a deep troll
  1600 | D        | Reached skill level 17 in Axes
  1608 | D        | Got a steaming broad axe {god gift}
  1609 | D        | Identified the +1 broad axe of the Tent {flame, -Tele rPois rC+ Int+9} (Trog gifted it to you in the Dungeon)
  1651 | D        | Noticed a green draconian
  1653 | D        | Noticed a green draconian monk
  1654 | D        | Noticed a deep elf demonologist
  1654 | D        | Noticed a wizard
  1654 | D        | Noticed a wizard
  1658 | D        | Noticed a vampire mage
  1668 | D        | Noticed a smoke demon
  1669 | D        | Killed a deep elf demonologist
  1671 | D        | Killed a green draconian
  1671 | D        | Reached skill level 18 in Axes
  1672 | D        | Noticed a deep elf sorcerer
  1672 | D        | Killed a vampire mage
  1672 | D        | Received a gift from Trog
  1672 | D        | Reached XP level 11. HP: 114/114 MP: 10/10
  1674 | D        | Noticed a deep elf annihilator
  1676 | D        | Noticed a wizard
  1679 | D        | Killed a deep elf annihilator
  1680 | D        | Noticed a wizard
  1680 | D        | Noticed a lich
  1681 | D        | Noticed a nagaraja
  1683 | D        | Killed a wizard
  1685 | D        | Noticed an apis
  1685 | D        | Killed a wizard
  1688 | D        | Killed a deep elf sorcerer
  1688 | D        | Reached skill level 19 in Axes
  1690 | D        | Slain by a lich

Skill      XL: |  1  2  3  4  5  6  7  8  9 10 11 |
---------------+----------------------------------+-----
Fighting       | 4 6 9 11 12 13 14 16 17 | 17.1
Axes           | 4 6 7 9 11 13 14 16 18 19 | 19.2
Armour         | 3 5 6 8 9 11 13 14 | 14.6
Dodging        | 3 5 6 8 9 11 12 | 12.5
Stealth        | 1 2 3 4 |  4.2

Action                   |  1- 3 |  4- 6 |  7- 9 | 10-12 || total
-------------------------+-------+-------+-------+-------++-------
Melee: Hand axe          |    19 |    27 |    21 |       ||    67
       Headbutt          |     2 |     5 |     9 |     6 ||    22
       War axe           |       |       |    29 |       ||    29
       Broad axe         |       |       |       |    28 ||    28
       Battleaxe         |       |       |       |    10 ||    10
Invok: Berserk           |     1 |     1 |     5 |     1 ||     8
  Eat: Chunk             |       |     1 |     7 |     2 ||    10
Armor: Animal skin       |     4 |       |       |       ||     4
       Scale mail        |       |    14 |    22 |    18 ||    54
Dodge: Dodged            |    17 |    24 |    34 |    35 ||   110
